Cogmind - Beta 10.2 @@@ ROGUE MODE // 2022.01.04 @ 19:48:39 Player: GoSagan Result: Destroyed self with EMP Blaster Performance ------------- Evolutions (0) 0 Regions Visited (1) 200 Robots Destroyed (17) 85 Value Destroyed (464) 464 Prototype IDs (0) 0 Alien Tech Used (0) 0 Bonus (0) 0 TOTAL SCORE: 749 Bonus ------- None Cogmind --------- Core Integrity 0/250 Matter 223/400 Energy 35/125 System Corruption 4% Temperature Cool (0) Movement Core (500) Ox9 Location -10/Materials Parts ------- > --- POWER (1) -------- Light Ion Engine > --- PROPULSION (2) --- (None) > --- UTILITY (2) ------ Large Storage Unit Medium Matter Pod > --- WEAPON (2) ------- Light EM Pulse Cannon EMP Blaster > --- INVENTORY (10) --- Core Shielding Core Shielding Peak State ------------ > --- POWER ------------ Ion Engine > --- PROPULSION ------- Aluminum Leg Aluminum Leg > --- UTILITY ---------- Medium Matter Pod Terrain Scanner > --- WEAPON ----------- Assault Rifle Assault Rifle > --- INVENTORY -------- Ion Engine Grenade Launcher Grenade Launcher [Rating: 7] Favorites ----------- Power Ion Engine Engine Ion Engine Propulsion Aluminum Leg Leg Aluminum Leg Utility Medium Matter Pod Device Terrain Scanner Storage Medium Matter Pod Weapon Assault Rifle Energy Gun Small Laser Energy Cannon Light EM Pulse Cannon Ballistic Gun Assault Rifle Launcher Grenade Launcher Build | -11 -10 ------- Run | Scr Mat Slots Evolved . | . . Power . | . . Propulsion . | . . Utility . | . . Weapon . | . . Parts Attached 18 | 5 13 Power 3 | 1 2 Engine 3 | 1 2 Core . | . . Reactor . | . . Propulsion 2 | 2 . Treads . | . . Leg 2 | 2 . Wheel . | . . Hover . | . . Flight . | . . Utility 3 | . 3 Device 1 | . 1 Storage 2 | . 2 Processor . | . . Hackware . | . . Protection . | . . Artifact . | . . Weapon 10 | 2 8 Energy Gun 1 | . 1 Energy Cannon 2 | . 2 Ballistic Gun 4 | 2 2 Ballistic Cannon . | . . Launcher 3 | . 3 Special Weapon . | . . Impact Weapon . | . . Slashing Weapon . | . . Piercing Weapon . | . . Special Melee Weapon . | . . Unidentified Prototypes . | . . Parts Lost 10 | . 10 Power 2 | . 2 Propulsion 2 | . 2 Utility 1 | . 1 Weapon 5 | . 5 Highest Loss Streak 4 | . 4 Average Slot Usage (%) 77 | . 77 Engine 13 | . 13 Leg 17 | . 17 Storage 22 | . 22 Energy Gun 1 | . 1 Energy Cannon 2 | . 2 Ballistic Gun 14 | . 14 Launcher 4 | . 4 Naked Turns . | . . Heaviest Build 29 | 9 29 Greatest Support 20 | 20 20 Greatest Overweight (x) 9 | 1 9 Average Overweight (x) 1 | . 1 Largest Inventory Capacity 10 | 4 10 Average Capacity 7 | 4 7 Most Carried 6 | 4 6 Average Carried 2 | 1 2 Final Capacity 10 | 4 10 Final Carried 2 | 1 2 Class Distribution -------------------- 100% | Mutant Dominant Class ---------------- Mutant | -10/Materials Resources | -11 -10 ----------- Run | Scr Mat Matter Collected 585 | 250 335 Remotely . | . . Salvage Created 340 | . 340 Parts 31 | . 31 Haulers Intercepted . | . . Recyclers Shooed . | . . Parts Field Recycled . | . . Retrieved Matter . | . . Parts Self-Destructed . | . . Prevented . | . . Kills | -11 -10 ------- Run | Scr Mat Combat Hostiles Destroyed 13 | . 13 Guns 8 | . 8 AOE 5 | . 5 Classes Destroyed 5 | . 5 Worker 1 | . 1 Builder 1 | . 1 Watcher 2 | . 2 Swarmer 3 | . 3 Grunt 10 | . 10 Best Kill Streak 5 | . 5 Combat Bots Only 4 | . 4 Max Kills in Single Turn 2 | . 2 Gunslinging . | . . Exploded 2 | . 2 Melee . | . . Uniques/NPCs Destroyed . | . . Combat | -11 -10 -------- Run | Scr Mat Damage Taken 1085 | . 1085 Core 266 | . 266 Absorbed by Shields . | . . Core Remaining (%) 100 | 100 . Volleys Fired 55 | . 55 Largest 2 | . 2 Hottest 89 | . 89 Shots Fired 85 | . 85 Gun 70 | . 70 Cannon 1 | . 1 Launcher 14 | . 14 Special . | . . Kinetic 63 | . 63 Thermal 7 | . 7 Explosive 13 | . 13 Electromagnetic 2 | . 2 Robot Hit Streak 6 | . 6 Robot Miss Streak 3 | . 3 Penetration Max . | . . Secondary Targets 1 | . 1 Max Gunslinging Chain 1 | . 1 Shots Hit Robots 54 | . 54 Core Hits 29 | . 29 Critical Hits . | . . Critical Kills . | . . Critical Parts Destroyed . | . . Melee Attacks . | . . Impact . | . . Slashing . | . . Piercing . | . . Sneak Attacks . | . . Combat Hostiles . | . . Follow-up Attacks . | . . Damage Inflicted 1395 | . 1395 Guns 592 | . 592 Cannons . | . . Explosions 803 | . 803 Melee . | . . Ramming . | . . Kinetic 535 | . 535 Thermal 57 | . 57 Explosive 803 | . 803 Electromagnetic . | . . Impact . | . . Slashing . | . . Piercing . | . . Highest Corruption 4 | . 4 Average Corruption 3 | . 3 Corruption Purged . | . . Effects 7 | . 7 Message Errors 3 | . 3 Matter Fused 2 | . 2 Heat Flow Errors 1 | . 1 Energy Discharges 1 | . 1 Overload Shots . | . . Overflow Damage 61 | . 61 Projectiles . | . . Explosions 61 | . 61 Melee . | . . Knockbacks . | . . Impact . | . . Kinetic . | . . Secondary . | . . Self-Inflicted Damage 111 | . 111 Shots 5 | . 5 Rammed . | . . Targets Rammed . | . . Kicked . | . . Crushed . | . . Highest Temperature 261 | . 261 Average Temperature 42 | . 42 Received Heat Transfer 552 | . 552 Siege Activations . | . . Robots Corrupted . | . . Combat Hostiles . | . . Parts Fried . | . . Impact Corruptions . | . . Robots Melted . | . . Combat Hostiles . | . . Parts Melted . | . . Heat Transferred 125 | . 125 Parts Sabotaged . | . . Parts Stolen . | . . Parts Stripped . | . . Power Chain Reactions . | . . Missiles Intercepted . | . . Alert | -11 -10 ------- Run | Scr Mat Peak Influence 232 | . 232 Initial . | . . Average 72 | . 75 Maximum Alert Level 1 | . 1 Low Security (%) 88 | 100 88 Level 1 11 | . 11 Level 2 . | . . Level 3 . | . . Level 4 . | . . Level 5 . | . . High Security . | . . Max Security . | . . Squads Dispatched 3 | . 3 Investigation 1 | . 1 Extermination . | . . Reinforcement 2 | . 2 Assault . | . . Garrison . | . . Intercept . | . . Construction Impeded . | . . Haulers Reinforced . | . . Stealth | -11 -10 --------- Run | Scr Mat Distress Signals 3 | . 3 Communications Jammed . | . . Distress Signals . | . . Times Spotted 24 | . 24 Peak Tracking Total 4 | . 4 Tactical Retreats 1 | . 1 Traps | -11 -10 ------- Run | Scr Mat Traps Triggered 4 | . 4 Indirectly . | . . Trap Hack Attempts . | . . Triggered . | . . Disarmed . | . . Reprogrammed . | . . Reused . | . . Traps Extracted . | . . Installed . | . . Triggered . | . . Machines | -11 -10 ---------- Run | Scr Mat Machines Disabled 3 | . 3 Max in Single Turn 2 | . 2 Machines Sabotaged . | . . Garrisons Compromised . | . . Overloaded Fab Kills . | . . Fab Network Shutdowns . | . . Hacking | -11 -10 --------- Run | Scr Mat Machines Accessed 1 | . 1 Terminals 1 | . 1 Fabricators . | . . Repair Stations . | . . Recycling Units . | . . Scanalyzers . | . . Garrison Access . | . . Total Hacks 1 | . 1 Successful 1 | . 1 Failed . | . . Catastrophic . | . . Database Lockouts . | . . Manual . | . . Terminals 1 | . 1 Fabricators . | . . Repair Stations . | . . Recycling Units . | . . Scanalyzers . | . . Garrison Access . | . . Terminal Hacks 1 | . 1 Unreport Threat 1 | . 1 Fabricator Hacks . | . . Repair Station Hacks . | . . Recycling Unit Hacks . | . . Scanalyzer . | . . Garrison Access Hacks . | . . Unauthorized Hacks . | . . Terminals . | . . Fabricators . | . . Repair Stations . | . . Recycling Units . | . . Scanalyzers . | . . Garrison Access . | . . Data Cores Recovered . | . . Used . | . . Hacking Detections . | . . Full Trace Events . | . . Feedback Events . | . . Feedback Blocked . | . . Robot Schematics Acquired . | . . Robots Built . | . . Matter . | . . Time . | . . Total Robot Build Rating . | . . Part Schematics Acquired . | . . Parts Built . | . . Matter . | . . Time . | . . Total Part Build Rating . | . . Parts Repaired . | . . Time . | . . Parts Recycled . | . . Recycled Matter . | . . Retrieved Matter . | . . Retrieved Components . | . . Parts Scanalyzed . | . . Part Schematics Acquired . | . . Parts Damaged . | . . Bothacking | -11 -10 ------------ Run | Scr Mat Used RIF Installer . | . . Robots Hacked . | . . Non-combat . | . . Combat . | . . Robot Hacks Applied . | . . Relay Couplers Released . | . . Robots Rewired . | . . Allies Hacked . | . . Hacks Repelled . | . . Allies | -11 -10 -------- Run | Scr Mat Total Allies . | . . Largest Group . | . . Highest-Rated Group . | . . Highest-Rated Ally . | . . Total Orders . | . . Ally Attacks . | . . Total Damage . | . . Kills . | . . Allies Corrupted . | . . Allies Melted . | . . Intel | -11 -10 ------- Run | Scr Mat Robot Analysis Total . | . . Derelict Logs Recovered . | . . Drone Launches . | . . Drone Recoveries . | . . Exploration | -11 -10 ------------- Run | Scr Mat Turns Passed 1415 | 60 1355 Spaces Moved 735 | 50 685 Core 81 | 18 63 Treads . | . . Legs 654 | 32 622 Wheels . | . . Hover . | . . Flight . | . . Fastest Speed 50 | 50 120 Average Speed 167 | 98 172 Slowest Speed 500 | 120 500 Overloaded Moves . | . . Propulsion Burnouts . | . . Robots Hopped . | . . Cave-ins Triggered . | . . Exploration Rate (%) 36 | 3 69 Regions Visited 1 Branch Regions . Pre-discovered Areas . | . . Known Exits Taken . | . . Unknown Exits Taken 1 | 1 . Scrap Searched . | . . Spaces Dug . | . . Terrain Destroyed 60 | . 60 Melee . | . . Projectile . | . . AOE 60 | . 60 Terrain Rammed . | . . Walls Destroyed . | . . Machines Disabled . | . . Actions | -11 -10 --------- Run | Scr Mat Total 843 | 60 783 Wait 10 | . 10 Move 734 | 49 685 Hop . | . . Pick Up 20 | 6 14 Fast Attach . | . . Attach 18 | 5 13 Detach 3 | . 3 Swap . | . . Drop 3 | . 3 Fire 55 | . 55 Melee . | . . Ram . | . . Kick . | . . Crush . | . . Escape Stasis . | . . Rewire . | . . Trap . | . . Miscellaneous . | . . Route ------- -11/Scrapyard -10/Materials (discovered 3 exits: [*Mat x2] / [*Min]) History --------- Turn | Location | Event 2 | -11/Scrapyard | Discovered new exit (range 16) 61 | -11/Scrapyard | Entered Materials 84 | -10/Materials | Discovered new exit (range 15) 301 | -10/Materials | Build established: Mutant 535 | -10/Materials | Discovered new exit (range 13) 732 | -10/Materials | Core integrity fell below 50% 998 | -10/Materials | Discovered new exit (range 4) 1074 | -10/Materials | Core integrity fell below 20% 1140 | -10/Materials | Lost 4 parts (1p1n2w) 1416 | -10/Materials | Destroyed self with EMP Blaster Last Messages --------------- 01109_ Grenade Launcher destroyed. 01113_ GOSB2I0M&Z3FBHR1G 01147_ Acquired Core Shielding. 01154_ The unstable cave ceiling collapses. 01164_ Acquired Core Shielding. 01173_ The unstable cave ceiling collapses. 01191_ System corrupted: Heat flow error (+281). 01193_ Acquired Lgt. EM Pulse Cannon. 01217_ Acquired EMP Blaster. 01229_ Dropped Lgt. EM Pulse Cannon. 01229_ Dropped Sml. Laser. 01290_ MFKXV9HWZ 4ALQY: 4OBKS 01307_ System corrupted: Energy discharge (-31). 01348_ System corrupted: Matter fused (-7). 01372_ U-05 Engineer lays Concrete. 01394_ K-01 Serf cleans the Terminal. [Achievement: Let's See Who's Tougher] Map ----- +----------------------------------------------------+ | # #########+######+### ##############?????? | | ] #????????????? | | #????????????? | | #????????????? | | ##############################????????????? | | ?????????????????????????????????? | | #????????????????????????????????? | | " """"" #???????????########?????????????? | | """""""" #???????????#!!]]]]#?????????????? | | "" """ #???????????#!! ]#?????????????? | | #???????????# #?????????????? | | #????????#### ###############?? | | ##+################ #[ #?? | | T # #?? | | #?????### k + """ """ """ #?? | | #???????# !]] # """ """ """ #?? | | #???????#^ """ ^] # """ """ """ #?? | | ! #???????# """ # #?? | | # ##???????# """ ###############?? | | # #????????#^ ^ ^^ ########????????? | | # #????????# # #????????? | | # #????????# # #????????? | | # #????????# # ]!| #????????? | | # #????????# # ]!| #????????? | | # ########?# ######## + !!| #????????? | | # #?# # # @# #????????? | | # """ ### # #w ## #####????????? | | # "Y" + # + #???????????? | | # / " " ### + # #???????????? | | # # #?## # " " # ## #???????????? | | # < # #??# # "R" # #####???????????? | | # ########??# # """ # ##??????????????? | | #####?????????# # # ???????????????? | | ??????????????# ######## ??????????????? | | ?????????????? #??????#+###??????????????? | | ??????????????# #?????????????????????????? | | ??????????????? ??????????????????????????? | | ??????????????? ??????????????????????????? | | ???????????????#??????????????????????????? | | ??????????????????????????????????????????? | | ??????????????????????????????????????????? | | ??????????????????????????????????????????? | | | | | | | | | | | | | | | | | +----------------------------------------------------+ Best States ------------- Heat Dissipation 25 Energy Generation 10 Energy Capacity 250 Matter Stores 368 Matter Capacity 400 Sight Range 16 Terrain Scan Density 10 Evasion (%) 50 Item Schematics ----------------- None Robot Schematics ------------------ None Fabricated ------------ Nothing Alien Tech Used ----------------- None Achievements -------------- Everything Is Under Control Let's See Who's Tougher Challenges ------------ None Game ------ Seed RiotCompactProtection Manual? 0 Play Time 00:10:27 Cumulative 3.4 hours Start 2022.01.04 @ 19:36:29 End 2022.01.04 @ 19:48:39 Sessions 1 Manual Loads 0 Difficulty Rogue Special Mode None Game No. 10 Rogue 10 Adventurer 0 Explorer 0 Win Type - Total 0 Types 0/0/0/0/0/0/0/0/0 Lore% 4 Gallery% 9 Achievement% 7 Wizard Run 0 Options --------- ASCII 0 Keyboard 1 Movement Numpad Keybinds 0 Fullscreen 1 Font 18/SmallcapsGlow Map View 76x50 Tactical HUD 1 Map Filters NONE Filters NONE Steam 1 RUN: 8c79db9b-bb54-4723-92b5-e635e035d860